 Dungeon Crawl Stone Soup version 0.30-a0-719-gcc4359ea44 (webtiles) character file.

Game seed: 9519933719073969512

1646862 Anon1729 the Malleable (level 27, 487/487 HPs)
             Began as a Merfolk Monk on Jan 26, 2023.
             Was the Champion of Qazlal.
             Escaped with the Orb
             ... and 3 runes on Jan 27, 2023!
             The game lasted 03:30:03 (71161 turns).

Anon1729 the Malleable (Merfolk Monk)              Turns: 71161, Time: 03:30:03

Health: 487/487    AC: 16    Str: 21    XL:     27
Magic:  41/41      EV: 24    Int: 28    God:    Qazlal [******]
Gold:   3034       SH:  8    Dex: 18    Spells: 6/54 levels left

rFire   + + .      SeeInvis +      - Unarmed
rCold   . . .      Faith    .    (shield currently unavailable)
rNeg    . . .      Spirit   +    (body armour currently unavailable)
rPois   +          Reflect  .    (helmet currently unavailable)
rElec   +          Harm     .    (cloak currently unavailable)
rCorr   .          Rampage  .    (gloves currently unavailable)
Will    +++..                    (boots currently unavailable) Stlth
                                 o - amulet "Laekk" {Spirit rElec rC+}
HPRegen 1.01/turn                J - ring "Serphix" {rElec rPois EV+5 Str-2 Int+8}
MPRegen 0.27/turn                X - ring of see invisible

@: mighty, brilliant, berserking, dragon-form, flying, hasted, studying Short
Blades, repel missiles, very quick
A: dragon claw, dragon scales, breathe fire, flying, boosted hp, giant, (nimble
swimmer 2), (mertail), (antennae 1), (iridescent scales 1), strong-willed 1,
(poison resistance), MP-powered wands
0: Orb of Zot
}: 3/15 runes: decaying, silver, gossamer
a: Breathe Fire, End Transformation, Renounce Religion, Upheaval, Elemental
Force, Disaster Area


You escaped.
You worshipped Qazlal.
Qazlal was exalted by your worship.
You were a fearsome dragon!
You visited 9 branches of the dungeon, and saw 47 of its levels.
You visited the Abyss 2 times.
You also visited: Ice Cave and Volcano.

You collected 7395 gold pieces.
You spent 4361 gold pieces at shops.

Inventory:

Missiles
 U - 4 throwing nets
Armour
 f - a +2 cloak (melded)
 p - the +2 pair of slick slippers (melded) {slick, slippery, EV+5}
   (You acquired it on level 8 of the Dungeon)

   Slick:     Its wearer cannot be constricted, engulfed, netted or webbed.
   Slippery:  It slips away from damaging melee attacks, pulling the attacker
   onward.
   EV:        It affects your evasion (+5).
 F - a +2 robe of the Archmagi (melded)
 S - a +2 pair of gloves of infusion (melded)
 Y - a +2 helmet of see invisible
Jewellery
 i - a ring of positive energy
 n - a ring of resist corrosion
 o - the amulet "Laekk" (around neck) {Spirit rElec rC+}
   (You bought it in a shop on level 2 of the Orcish Mines)

   [amulet of guardian spirit]

   It causes incoming damage to be divided between your reserves of health and
   magic.
   rC:        It protects you from cold.
   rElec:     It insulates you from electricity.
 C - a +4 ring of slaying
 G - a ring of willpower
 I - a ring of ice
 J - the ring "Serphix" (left foreclaw) {rElec rPois EV+5 Str-2 Int+8}
   (You took it off a deep elf annihilator on level 3 of the Elven Halls)

   [ring of evasion]

   EV:        It affects your evasion (+5).
   Str:       It affects your strength (-2).
   Int:       It affects your intelligence (+8).
   rElec:     It insulates you from electricity.
   rPois:     It protects you from poison.
 X - a ring of see invisible (right foreclaw)
Wands
 a - a wand of polymorph (21)
 q - a wand of mindburst (16)
 r - a wand of flame (57)
 A - a wand of iceblast (20)
 K - a wand of digging (30)
 N - a wand of paralysis (23)
 Q - a wand of acid (21)
Scrolls
 j - 9 scrolls of magic mapping
 k - 17 scrolls of fear
 l - 20 scrolls of teleportation
 m - 9 scrolls of immolation
 s - 8 scrolls of silence
 u - 4 scrolls of butterflies
 v - 16 scrolls of poison
 w - 15 scrolls of amnesia
 x - 3 scrolls of fog
 y - 3 scrolls of blinking
 O - a scroll of enchant armour
 Z - 5 scrolls of vulnerability
Potions
 c - 8 potions of cancellation
 d - 15 potions of curing
 g - 9 potions of heal wounds
 h - 2 potions of magic
 z - 8 potions of lignification
 B - 10 potions of ambrosia
 D - 10 potions of haste
 E - 7 potions of attraction
 H - 9 potions of brilliance
 L - 4 potions of berserk rage
 M - 7 potions of flight
 P - 9 potions of mutation
 R - 9 potions of invisibility
 V - 8 potions of might
 W - 4 potions of resistance
Miscellaneous
 b - a tin of tremorstones (2/2)
 e - a phantom mirror
 t - a condenser vane
 T - a phial of floods


   Skills:
 + Level 18.0 Fighting
 + Level 21.0 Dodging
 - Level 3.1 Stealth
 + Level 21.2 Unarmed Combat
 - Level 14.0 Spellcasting
 * Level 13.3 Conjurations
 - Level 23.3 Transmutations
 * Level 19.5 Ice Magic
 - Level 15.8 Poison Magic
 + Level 18.5 Invocations
 + Level 12.0 Evocations


You had 6 spell levels left.
You knew the following spells:

 Your Spells              Type           Power      Damage    Failure   Level
a - Frozen Ramparts       Ice            100%       1d16      0%          3
b - Ignite Poison         Fire/Tmut/Pois 95%        N/A       1%          3
c - Spider Form           Tmut/Pois      100%       N/A       0%          3
d - Hailstorm             Conj/Ice       100%       3d20      0%          3
e - Alistair's Intoxicat  Tmut/Pois      76%        N/A       1%          5
f - Dragon Form           Tmut           61%        N/A       1%          7
g - Eringya's Noxious Bo  Tmut/Pois      57%        N/A       1%          6
h - Irradiate             Conj/Tmut      55%        3d30      1%          5
i - Ozocubu's Refrigerat  Ice            57%        4d20      1%          7
j - Apportation           Tloc           58%        N/A       2%          1
k - Freezing Cloud        Conj/Ice/Air   44%        6-21      1%          5

Your spell library contained the following spells:

 Spells                   Type           Power      Damage    Failure   Level
 Beastly Appendage        Tmut           100%       N/A       0%          1
 Freeze                   Ice            100%       1d10      0%          1
 Magic Dart               Conj           100%       1d8       0%          1
 Wereblood                Tmut           100%       N/A       0%          2
 Ozocubu's Armour         Ice            100%       N/A       0%          3
 Ice Form                 Ice/Tmut       100%       N/A       0%          4
 Blade Hands              Tmut           61%        N/A       0%          5
 Foxfire                  Conj/Fire      100%       2x1d9     1%          1
 Kiss of Death            Conj/Necr      100%       2d13      1%          1
 Shock                    Conj/Air       100%       1d9       1%          1
 Cigotuvi's Dreadful Rot  Necr/Pois/Air  100%       N/A       1%          2
 Ensorcelled Hibernation  Hex/Ice        100%       N/A       1%          2
 Passwall                 Tmut/Erth      75%        N/A       1%          2
 Poisonous Vapours        Pois/Air       100%       N/A       1%          2
 Searing Ray              Conj           100%       2d8       1%          2
 Static Discharge         Conj/Air       100%       2-7/arc   1%          2
 Dazzling Flash           Conj/Hex       100%       N/A       1%          3
 Mephitic Cloud           Conj/Pois/Air  84%        N/A       1%          3
 Stone Arrow              Conj/Erth      100%       3d13      1%          3
 Flame Wave               Conj/Fire      71%        2d16      1%          4
 Fulminant Prism          Conj/Hex       35%        3d17      1%          4
 Iskenderun's Mystic Bla  Conj/Tloc      71%        2d14      1%          4
 Olgreb's Toxic Radiance  Pois           100%       N/A       1%          4
 Sticky Flame             Conj/Fire      71%        2d8       1%          4
 Summon Ice Beast         Ice/Summ       84%        N/A       1%          4
 Sandblast                Erth           58%        2d13      2%          1
 Summon Small Mammal      Summ           100%       N/A       2%          1
 Statue Form              Tmut/Erth      60%        N/A       3%          6
 Blink                    Tloc           58%        N/A       4%          2
 Lesser Beckoning         Tloc           58%        N/A       4%          2
 Arcjolt                  Conj/Air       35%        1d45      4%          5
 Lightning Bolt           Conj/Air       35%        1d53      4%          5
 Call Canine Familiar     Summ           29%        N/A       8%          3
 Gell's Gravitas          Tloc           29%        N/A       8%          3
 Inner Flame              Hex/Fire       29%        N/A       8%          3
 Kindle Blastsparks       Fire/Tloc/Air  58%        2d14      8%          3
 Portal Projectile        Hex/Tloc       58%        N/A       8%          3
 Summon Guardian Golem    Hex/Summ       29%        N/A       8%          3
 Swiftness                Air            29%        N/A       8%          3
 Teleport Other           Tloc           29%        N/A       8%          3
 Vhi's Electric Charge    Tloc/Air       58%        N/A       8%          3
 Simulacrum               Ice/Necr       42%        N/A       8%          6
 Airstrike                Air            14%        2d(3-19)  26%         4
 Anguish                  Hex/Necr       14%        N/A       26%         4
 Animate Armour           Summ/Erth      58%        N/A       26%         4
 Cause Fear               Hex            14%        N/A       26%         4
 Leda's Liquefaction      Hex/Erth       14%        N/A       26%         4
 Passage of Golubria      Tloc           29%        N/A       26%         4
 Summon Lightning Spire   Summ/Air       29%        N/A       26%         4
 Iron Shot                Conj/Erth      35%        9d7       26%         6
 Starburst                Conj/Fire      35%        6d10      26%         6
 Borgnjor's Vile Clutch   Necr/Erth      14%        N/A       58%         5
 Lee's Rapid Deconstruct  Erth           14%        3d9*      58%         5
 Silence                  Hex/Air        14%        N/A       58%         5
 Summon Forest            Summ/Tloc      14%        N/A       58%         5
 Dispersal                Tloc           14%        N/A       99%         6
 Polar Vortex             Ice            57%        N/A       65%         9
 Spellforged Servitor     Conj/Summ      35%        N/A       83%         7
 Enfeeble                 Hex            14%        N/A       100%        7
 Summon Hydra             Summ           14%        N/A       100%        7
 Ignition                 Fire           14%        3d6       100%        8
 Lehudib's Crystal Spear  Conj/Erth      35%        10d9      100%        8
 Dragon's Call            Summ           14%        N/A       100%        9


Dungeon Overview and Level Annotations

Branches:
Dungeon (15/15)            Temple (0/1) D:4            Lair (5/5) D:8
  Swamp (4/4) Lair:2       Spider (4/4) Lair:2        Slime (0/5) Lair:5
    Orc (2/2) D:12            Elf (3/3) Orc:2        Vaults (5/5) D:14
  Crypt (0/3) Vaults:2     Depths (4/4) D:15            Zot (5/5) Depths:4
  IceCv (visited)         Volcano (visited)

Altars:
Cheibriados
Dithmenos
Gozag
Qazlal
Ru
Sif Muna
Trog
Uskayaw
Vehumet
Xom
Yredelemnul
Zin
Jiyva
Lugonu

Shops:
D:9 (   D:11 *   D:13 [*[!   Orc:1 *   Orc:2 =*([   Elf:1 (   Elf:2 (
Vaults:1 [[(   Vaults:4 (   Depths:2 *=::

Portals:
Hell: Depths:1 Depths:2 Depths:3 Depths:4
Abyss: Depths:1 Depths:3
Pandemonium: Depths:2 Depths:3
Ziggurat: Depths:2
Trove: Vaults:2 (lose all piety)

Annotations:
Lair:5 exclusion: 4 oklob plants
Elf:2 3 runed translucent doors


Innate Abilities, Weirdness & Mutations

You are a fearsome dragon!
You have a powerful clawing attack.
Your giant scaled body is strong and resiliant, but less evasive.
You can breathe fire.
You are flying.
Your maximum health is greatly increased.
Your armour is entirely melded.
You are incapable of wielding weapons or throwing items.
((You are very nimble when in or above water. (Stealth+, EV+, Speed+++)))
((Your lower body shifts to a powerful aquatic tail in water.))
((You have a pair of small antennae on your head.))
((You are partially covered in iridescent scales. (AC +2)))
You are strong-willed. (Will+)
((Your system is resistant to poisons. (rPois)))
You expend magic power (3 MP) to strengthen your wands.


Message History

Qazlal accepts your kill.
Your Dodging skill increases to level 21!
(D) Dungeon (T) Temple (L) Lair (S) Swamp (N) Spider Nest (M) Slime Pits (O) Orcish Mines (E) Elven Halls (V) Vaults (C) Crypt (U) Depths (H) Hell (Z) Zot
Where to? (Enter - D:1, ? - help) HP restored.
There is a stone staircase leading up here.
You fly upwards.
Your protection from physical attacks is fading.
There is a stone staircase leading down here.
You feel less protected from physical attacks.
There is a stone staircase leading up here.
You fly upwards.
There is a stone staircase leading down here.
Your extra speed is starting to run out.
You feel yourself slow down.
There is a stone staircase leading up here.
You fly upwards.
There is a stone staircase leading down here.
(D) Dungeon (T) Temple (L) Lair (S) Swamp (N) Spider Nest (M) Slime Pits (O) Orcish Mines (E) Elven Halls (V) Vaults (C) Crypt (U) Depths (H) Hell (Z) Zot
Where to? (Enter - D:1, ? - help)
Okay, then.
Unknown command.
Magic restored.
You see here a +0 robe.
There is an escape hatch in the floor here.
There is an open door here.
There is a staircase leading out of the dungeon here.
You feel yourself speed up.
You feel clever all of a sudden.
You feel very mighty all of a sudden.
A red film seems to cover your vision as you go berserk!
You feel yourself moving faster!
You feel mighty!
You feel a strong urge to attack something.
You have escaped!

.†.....# #.# ###.# ##.#.##
....######.# #...# ###.##.#
##..##.....# #.### #...###.
#..##.##### #.# #†###..[ #..##.#
#.# #.# #.## #..##.# #.# #.# #...
##..##.## ### #.# ### #.# #.#.
........# #.#######.# #.# #.#.
#...##.#####.#.°D§.#.# #.# #.##
#..#######...#.°○.°#.# #.# #.##
#..###.......#..8..#.# #.# #.##
#).........#.#.....#.# #.# #.##
#.####.#.###.#.....#.# #.# #.##
#.# #.#.# #.##+#'##.#####.###...
#.####.#.# ####.........>........
#......#.#########.##############
####.###...........#


There were no monsters in sight!

Vanquished Creatures
  A dread lich (Vaults:5)
  8 ancient liches
  4 orbs of fire
  Mennas (Vaults:3)
  Parghit (Depths:3)
  the Lernaean hydra (Swamp:4)
  Frederick (Vaults:3)
  3 Killer Klowns (Zot:5)
  Xtahua (Vaults:3)
  A pandemonium lord (Depths:1)
  Saint Roka (Orc:2)
  2 curse toes (Zot:4)
  8 golden dragons
  Arachne (Spider:4)
  Jory (Vaults:5)
  3 bone dragons (Abyss:2)
  A Brimstone Fiend (D:10)
  3 electric golems
  17 tentacled monstrosities
  27 Orb Guardians
  4 liches
  8 titans (Vaults:5)
  2 deep elf blademasters (Elf:3)
  2 deep elf master archers (Elf:3)
  The ghost of Chingon the Peltast, an adept MiFi of the Shining One (Spider:3)
  3 quicksilver dragons
  6 acid blobs (Zot:3)
  12 death cobs
  5 sphinxes
  A thorn hunter (Swamp:2)
  Agnes (Spider:1)
  Kirke (Lair:4)
  6 tengu reavers
  Donald (Orc:2)
  6 draconian monks
  12 storm dragons
  9 shadow dragons
  A frost giant (Depths:1)
  An iron dragon (Depths:2)
  12 draconian knights
  6 deep elf sorcerers
  A balrug (Zot:2)
  Louise (Spider:1)
  17 vault wardens
  3 ghost moths (Spider:4)
  4 fire giants
  6 emperor scorpions
  3 spectral caustic shrikes (Depths:4)
  6 draconian stormcallers
  4 deep elf elementalists
  The ghost of initializr the Warrior, an adept VSCA of Ignis (Swamp:1)
  Aizul (Spider:1)
  7 draconian shifters
  A ghoul (Swamp:3)
  14 draconian scorchers
  5 orc warlords
  A juggernaut zombie (Depths:1)
  3 spriggan defenders
  A reaper (IceCv)
  14 very ugly things
  13 draconian annihilators
  2 war gargoyles (Vaults:4)
  2 ironbound thunderhulks
  6 broodmothers
  3 vampire knights
  13 green draconians
  18 ironbound preservers
  15 black draconians
  An eleionoma (Swamp:4)
  A lorocyproca (Depths:3)
  16 stone giants
  24 white draconians
  3 bunyips
  15 red draconians
  Azrael (Orc:2)
  6 deep elf demonologists
  21 yellow draconians
  11 purple draconians
  6 spark wasps
  10 dire elephants
  5 deep elf annihilators
  11 ettins
  A crystal guardian (Vaults:4)
  A merfolk javelineer (Depths:4)
  9 deep elf death magi
  9 entropy weavers
  Josephine (Orc:2)
  5 yaktaur captains
  A spectral fenstrider witch (Swamp:1)
  3 deep elf high priests
  A shambling mangrove (Swamp:3)
  2 spriggan zombies
  9 great orbs of eyes
  7 fire dragons
  47 vault guards
  10 ice dragons
  3 peacekeepers
  6 spriggan air magi
  2 rakshasas
  Erolcha (Orc:2)
  A quicksilver dragon skeleton (Depths:3)
  3 radroaches
  A ghost crab (Swamp:1)
  13 ironbound frosthearts
  21 hydras
  2 ogre magi
  A juggernaut simulacrum (Depths:3)
  9 centaur warriors
  A catoblepas (Lair:5)
  10 two-headed ogres
  11 boulder beetles
  A death knight (Vaults:1)
  2 deep troll earth magi
  4 jorogumos
  22 dancing weapons
  15 death yaks
  6 deep troll shamans
  7 alligators
  8 spriggan berserkers
  6 tengu warriors
  An orc high priest (Orc:2)
  A thrashing horror (Abyss:2)
  A titan zombie (Abyss:2)
  9 spriggans
  A storm dragon zombie (Depths:3)
  A spectral emperor scorpion (Spider:3)
  15 deep elf knights
  3 pharaoh ants
  A shadow wraith (Abyss:2)
  13 sun demons
  5 sun moths (Spider:4)
  4 iron trolls
  2 sixfirhies
  2 wretched stars (Abyss:2)
  4 skeletal warriors (D:12)
  Lodul (D:13)
  A spectral spark wasp (Spider:3)
  2 spriggan druids (Swamp:3)
  44 deep trolls
  5 glowing orange brains
  A golden dragon zombie (Depths:3)
  A deep troll (shapeshifter) (Vaults:5)
  16 bog bodies
  A spectral hydra (Swamp:1)
  A flayed ghost (Vaults:5)
  8 goliath frogs
  12 orb spiders
  9 swamp dragons
  5 phantasmal warriors
  A swamp dragon (shapeshifter) (Vaults:5)
  A lindwurm (D:8)
  8 wizards
  Pikel (D:8)
  16 deep elf archers
  13 steelbarb worms
  12 orc knights
  30 deep elf zephyrmancers
  16 ironbound convokers
  7 harpies
  38 deep elf pyromancers
  A shining eye (shapeshifter) (Vaults:5)
  9 necromancers
  2 shining eyes (Depths:1)
  2 tengu skeletons (Depths:2)
  10 oklob plants
  A frost giant zombie (Depths:1)
  A sphinx skeleton (Depths:3)
  21 wolf spiders
  5 manticores
  57 ugly things
  8 orc sorcerers
  14 cyclopes
  A worldbinder (Abyss:2)
  2 spectral radroaches (Spider:3)
  A will-o-the-wisp (Swamp:4)
  A faun (D:9)
  40 moths of wrath
  10 elephants
  5 black mambas
  A smoke demon (Abyss:2)
  An eye of devastation (Depths:1)
  28 slime creatures
  A gargoyle (D:12)
  A rust devil (Depths:3)
  6 demonic crawlers
  17 vault sentinels
  A titan simulacrum (Depths:3)
  7 cane toads
  5 torpor snails
  An ice statue (IceCv)
  3 orange demons
  A kobold demonologist (D:12)
  A hellion (Depths:1)
  Maggie (D:7)
  2 emperor scorpion simulacra (Spider:3)
  An anaconda simulacrum (IceCv)
  An unseen horror (D:12)
  2 rime drakes (Lair:3)
  2 spark wasp simulacra (Spider:3)
  A tengu conjurer (Depths:4)
  A tormentor (Depths:3)
  An efreet (D:13)
  7 komodo dragons
  5 freezing wraiths
  2 ghost moth simulacra (Spider:3)
  22 yaktaurs
  A human zombie (Vaults:3)
  A red devil (Depths:3)
  A troll (shapeshifter) (Depths:4)
  3 ancient zymes (Abyss:2)
  An ice devil (IceCv)
  10 polar bears
  7 meliai
  A bloated husk (Swamp:1)
  A hellwing (Depths:3)
  9 hornets
  5 trolls
  9 tyrant leeches
  An iron dragon simulacrum (Depths:1)
  A tarantella (shapeshifter) (D:13)
  A blink frog (shapeshifter) (Abyss:2)
  20 tarantellas
  9 blink frogs
  A raiju (shapeshifter) (D:15)
  A tengu simulacrum (Depths:3)
  4 raiju (Abyss:2)
  A stone giant simulacrum (Depths:1)
  2 human simulacra (Vaults:3)
  A snapping turtle (shapeshifter) (Depths:3)
  27 jumping spiders
  4 large abominations (Abyss:2)
  22 culicivoras
  A flying skull (Vaults:2)
  3 air elementals
  A centaur simulacrum (D:14)
  2 shadows
  2 vampires
  6 wraiths
  61 yaks
  A wyvern (D:4)
  3 ynoxinuls
  A hog (shapeshifter) (D:13)
  A dire elephant simulacrum (IceCv)
  6 fire elementals
  2 hogs (Lair:4)
  2 fire bats (Depths:1)
  9 basilisks
  5 water elementals
  73 redbacks
  A chaos spawn (Abyss:2)
  A neqoxec (Abyss:2)
  A yaktaur simulacrum (Vaults:3)
  3 death yak simulacra (IceCv)
  16 humans (D:14)
  A redback (shapeshifter) (Depths:2)
  17 vampire mosquitoes
  3 steam dragons
  7 wargs
  Menkaure (D:6)
  A two-headed ogre zombie (D:12)
  13 swamp worms
  An acid dragon (D:10)
  A floating eye (Depths:2)
  A floating eye (shapeshifter) (Depths:4)
  10 swamp drakes
  7 water moccasins
  11 hell hounds
  46 orc warriors
  2 glowing shapeshifter skeletons
  9 black bears
  An ice beast (D:7)
  A radroach simulacrum (Spider:3)
  14 ogres
  5 boggarts (Vaults:3)
  19 wolves
  An ogre (shapeshifter) (Depths:1)
  6 starcursed masses (Abyss:2)
  9 centaurs
  2 lemures (D:8)
  8 small abominations
  2 phantoms
  2 necrophages (Swamp:3)
  6 earth elementals
  9 bullfrogs
  3 gnoll sergeants
  5 scorpions
  A cane toad simulacrum (IceCv)
  5 two-headed ogre simulacra (IceCv)
  A troll zombie (D:12)
  6 wights
  13 killer bees
  An elephant simulacrum (IceCv)
  11 howler monkeys
  3 electric eels
  2 lava snakes (D:8)
  3 hounds
  20 jellies
  23 orc priests
  2 gnoll boudas
  2 iron imps (Abyss:2)
  2 iguanas
  Natasha (thrice) (D:2)
  30 orc wizards
  5 spriggan simulacra
  6 troll simulacra (IceCv)
  A polar bear simulacrum (IceCv)
  A wolf simulacrum (IceCv)
  6 ogre zombies (D:12)
  Robin (D:2)
  28 gnolls
  9 adders
  10 naga simulacra (IceCv)
  7 white imps
  10 ufetubi
  4 worms
  A dart slug (D:4)
  87 orcs
  6 endoplasms
  5 giant cockroaches
  20 goblins
  9 hobgoblins
  4 quokkas
  6 ball pythons
  6 bats
  2 frilled lizards (D:1)
  3 goblin skeletons (D:12)
  2 goblin zombies (D:12)
  A hobgoblin skeleton (D:12)
  7 hobgoblin zombies (D:12)
  9 kobolds
  3 orc skeletons (D:12)
  9 orc zombies (D:12)
  4 rats
2339 creatures vanquished.

Vanquished Creatures (collateral kills)
  A stone giant (Depths:4)
1 creature vanquished.

Vanquished Creatures (others)
  A dread lich (Zot:5)
  A spectral caustic shrike (Depths:4)
  An iron dragon (Depths:4)
  An ironbound preserver (Vaults:5)
  A draconian annihilator (Zot:1)
  A war gargoyle (Vaults:5)
  A yellow draconian (Zot:3)
  A wizard (Vaults:2)
  A torpor snail (Spider:4)
  A bloated husk (Swamp:2)
  A fire bat (Depths:1)
  A vampire mosquito (Swamp:1)
  A jelly (Zot:3)
  A gnoll (D:7)
  3 orcs (Orc:2)
  6 foxfires (Swamp:4)
  36 fungi
  37 plants
96 creatures vanquished.

Grand Total: 2436 creatures vanquished

Notes
Turn   | Place    | Note
-------+----------+-------------------------------------------
     0 | D:1      | Anon1729 the Merfolk Monk began the quest for the Orb.
     0 | D:1      | Reached XP level 1. HP: 18/18 MP: 1/1
   203 | D:1      | Reached XP level 2. HP: 24/24 MP: 2/2
   362 | D:1      | Found a faded altar of an unknown god.
   362 | D:1      | Noticed a shadow demon
   427 | D:1      | Prayed at the altar of an unknown god.
   427 | D:1      | Became a worshipper of Qazlal Stormbringer
   427 | D:1      | Reached * piety under Qazlal
   427 | D:1      | Reached ** piety under Qazlal
   671 | D:1      | Reached XP level 3. HP: 21/29 MP: 3/3
   829 | D:1      | Reached *** piety under Qazlal
  1307 | D:2      | Noticed Robin
  1335 | D:2      | Killed Robin
  1336 | D:2      | Reached XP level 4. HP: 31/37 MP: 0/4
  1648 | D:2      | Reached skill level 1 in Transmutations
  1657 | D:2      | Noticed Natasha
  1685 | D:2      | Gained mutation: You are dopey. (Int -2) [potion of
                  | mutation]
  1685 | D:2      | Gained mutation: Your spells are a little harder to cast,
                  | but a little more powerful. [potion of mutation]
  1702 | D:2      | Killed Natasha
  1703 | D:2      | Reached skill level 1 in Spellcasting
  1703 | D:2      | Reached skill level 1 in Invocations
  1725 | D:2      | Noticed Natasha
  1761 | D:2      | Killed Natasha
  1762 | D:2      | Reached XP level 5. HP: 37/42 MP: 2/6
  1864 | D:2      | Noticed Natasha
  1865 | D:2      | Killed Natasha
  1866 | D:2      | Found a sacrificial altar of Ru.
  2109 | D:2      | Lost mutation: Your spells are a little harder to cast, but
                  | a little more powerful. [potion of mutation]
  2109 | D:2      | Lost mutation: You are dopey. (Int -2) [potion of mutation]
  2109 | D:2      | Gained mutation: You have hidden genetic defects. [potion
                  | of mutation]
  2109 | D:2      | Gained mutation: You occasionally shout uncontrollably at
                  | your foes. [potion of mutation]
  2273 | D:3      | Gained mutation: You occasionally lose the ability to read
                  | scrolls when taking damage. [hidden defects]
  2451 | D:3      | Reached skill level 2 in Transmutations
  2504 | D:3      | Gained mutation: You have terrible hidden genetic defects.
                  | [hidden defects]
  2504 | D:3      | Lost mutation: You have terrible hidden genetic defects.
                  | [hidden defects expressed]
  2838 | D:4      | Reached **** piety under Qazlal
  2875 | D:3      | Reached XP level 6. HP: 41/48 MP: 8/8
  2915 | D:4      | Reached skill level 5 in Dodging
  2920 | D:4      | Gained mutation: Your magical capacity is low. (-10% MP)
                  | [hidden defects]
  2995 | D:4      | Lost mutation: You occasionally shout uncontrollably at
                  | your foes. [potion of mutation]
  2995 | D:4      | Lost mutation: You occasionally lose the ability to read
                  | scrolls when taking damage. [potion of mutation]
  2995 | D:4      | Lost mutation: Your magical capacity is low. (-10% MP)
                  | [potion of mutation]
  2995 | D:4      | Gained mutation: You possess an exceptional clarity of
                  | mind. [potion of mutation]
  2995 | D:4      | Gained mutation: Your spells are a little easier to cast,
                  | but a little less powerful. [potion of mutation]
  2995 | D:4      | Lost mutation: You possess an exceptional clarity of mind.
                  | [potion of mutation]
  3023 | D:4      | Noticed a wyvern
  3031 | D:4      | Killed a wyvern
  3032 | D:4      | Reached skill level 5 in Unarmed Combat
  3032 | D:4      | Reached skill level 1 in Ice Magic
  3040 | D:4      | Gained mutation: You are dopey. (Int -2) [hidden defects]
  3040 | D:4      | Lost mutation: You have hidden genetic defects. [hidden
                  | defects expressed]
  3045 | D:4      | Reached XP level 7. HP: 27/55 MP: 3/10
  3187 | D:4      | Reached skill level 3 in Transmutations
  3422 | D:4      | Found a staircase to the Ecumenical Temple.
  3692 | D:4      | Noticed a +0 dagger
  3692 | D:4      | Noticed a +0 dagger
  3695 | D:4      | Found a hide-covered altar of Uskayaw.
  3802 | D:5      | Entered Level 5 of the Dungeon
  3875 | D:5      | Found a shadowy altar of Dithmenos.
  4568 | D:6      | Reached skill level 5 in Fighting
  4568 | D:6      | Reached XP level 8. HP: 61/62 MP: 11/11
  4658 | D:6      | Noticed Menkaure
  4679 | D:6      | Killed Menkaure
  4680 | D:6      | Reached skill level 1 in Poison Magic
  4754 | D:6      | Reached skill level 4 in Transmutations
  5567 | D:6      | Learned a level 3 spell: Frozen Ramparts
  5934 | D:7      | Reached XP level 9. HP: 55/69 MP: 14/14
  6002 | D:7      | Reached skill level 5 in Transmutations
  6488 | D:7      | Noticed Maggie
  6508 | D:7      | Killed Maggie
  7268 | D:8      | Reached skill level 6 in Transmutations
  7277 | D:8      | Reached XP level 10. HP: 41/77 MP: 7/16
  7381 | D:8      | Found a staircase to the Lair.
  7674 | D:8      | Found a runed translucent door.
  7798 | D:8      | Learned a level 5 spell: Blade Hands
  7802 | D:8      | Learned a level 3 spell: Spider Form
  7806 | D:8      | Learned a level 3 spell: Hailstorm
  7856 | D:9      | Noticed a boulder beetle
  7899 | D:9      | Noticed a two-headed ogre
  7907 | D:9      | a two-headed ogre changed into a faun
  7907 | D:9      | Noticed a faun
  7915 | D:9      | Killed a faun
  7916 | D:9      | Reached skill level 5 in Ice Magic
  8013 | D:8      | Killed a boulder beetle
  8275 | D:9      | Found a snail-covered altar of Cheibriados.
  8277 | D:9      | Found an opulent altar of Gozag.
  8277 | D:9      | Found a glowing silver altar of Zin.
  8321 | D:9      | Found Emeschimi's Antique Weapon Emporium.
  8351 | D:9      | Found a basalt altar of Yredelemnul.
  8354 | D:9      | Found a stormy altar of Qazlal.
  8438 | D:9      | Reached skill level 5 in Spellcasting
  8466 | D:9      | Reached skill level 7 in Transmutations
  8567 | D:9      | Reached skill level 5 in Poison Magic
  8739 | D:8      | Learned a level 5 spell: Alistair's Intoxication
  8745 | D:8      | Reached XP level 11. HP: 84/84 MP: 7/18
  8814 | D:8      | Found a runed translucent gate.
  8814 | D:8      | Found a runed translucent gate.
  8814 | D:8      | Found a runed translucent gate.
  8814 | D:8      | Found a runed translucent gate.
  8814 | D:8      | Found a runed translucent gate.
  8814 | D:8      | Noticed a boulder beetle
  8815 | D:8      | Found a runed translucent gate.
  8815 | D:8      | Noticed a lindwurm
  8815 | D:8      | Noticed Pikel
  8816 | D:8      | Noticed a boulder beetle
  8824 | D:8      | Identified 2 scrolls of acquirement
  8826 | D:8      | Acquired a book of Ice
  8828 | D:8      | Acquired the +2 pair of slick slippers {slick, slippery,
                  | EV+5}
  8828 | D:8      | Found the +2 pair of slick slippers {slick, slippery, EV+5}
  8856 | D:8      | Killed a boulder beetle
  8857 | D:8      | Reached skill level 10 in Unarmed Combat
  8859 | D:8      | Killed a boulder beetle
  8898 | D:8      | Killed a lindwurm
  8899 | D:8      | Reached skill level 8 in Transmutations
  8903 | D:8      | Killed Pikel
  9049 | D:10     | Entered Level 10 of the Dungeon
  9445 | D:10     | Noticed a two-headed ogre
  9450 | D:10     | Killed a two-headed ogre
  9451 | D:10     | Reached skill level 9 in Transmutations
 10007 | D:11     | Reached ***** piety under Qazlal
 10059 | D:11     | Reached XP level 12. HP: 93/93 MP: 15/21
 10102 | D:11     | Noticed a centaur warrior
 10106 | D:11     | Reached skill level 10 in Dodging
 10113 | D:11     | Reached skill level 10 in Transmutations
 10129 | D:11     | Killed a centaur warrior
 10197 | D:11     | Found Wyzeod's Assorted Antiques.
 10216 | D:11     | Bought a scroll labelled SETALEPOCW for 32 gold pieces
 10216 | D:11     | Bought a potion of curing for 96 gold pieces
 10441 | D:11     | Identified the +0 chain mail "Damnable Contraption" {Will+}
 10800 | Lair:1   | Entered Level 1 of the Lair of Beasts
 11020 | Lair:1   | Reached skill level 11 in Transmutations
 11698 | Lair:2   | Found a staircase to the Swamp.
 11791 | Lair:2   | Noticed a five-headed hydra
 11846 | Lair:2   | Noticed a death yak
 11848 | Lair:2   | Noticed a death yak
 11848 | Lair:2   | Noticed a death yak
 11854 | Lair:2   | Reached XP level 13. HP: 87/101 MP: 18/23
 11932 | Lair:1   | Learned a level 7 spell: Dragon Form
 11936 | Lair:2   | Reached skill level 12 in Transmutations
 12013 | Lair:2   | You fall into a shaft and drop 1 floor!
 12844 | Lair:3   | Identified the +0 tower shield "Muizy" {Dex+2}
 13135 | Lair:4   | Noticed Kirke
 13141 | Lair:4   | Reached skill level 13 in Transmutations
 13144 | Lair:4   | Killed Kirke
 13240 | Lair:4   | Reached skill level 10 in Fighting
 13363 | Lair:4   | Found a dark tunnel.
 13373 | Volcano  | Entered a volcano
 13423 | Volcano  | Reached XP level 14. HP: 110/110 MP: 18/25
 13581 | Lair:4   | Lost mutation: You are dopey. (Int -2) [potion of mutation]
 13581 | Lair:4   | Lost mutation: Your spells are a little easier to cast, but
                  | a little less powerful. [potion of mutation]
 13581 | Lair:4   | Gained mutation: Your spells are a little easier to cast,
                  | but a little less powerful. [potion of mutation]
 13581 | Lair:4   | Gained mutation: You have sharp fingernails. [potion of
                  | mutation]
 14243 | Lair:5   | Entered Level 5 of the Lair of Beasts
 14354 | Lair:5   | Reached ****** piety under Qazlal
 14359 | Lair:5   | Reached skill level 14 in Transmutations
 14589 | Lair:5   | Found a staircase to the Slime Pits.
 15189 | Lair:5   | Noticed a dire elephant
 15196 | Lair:5   | Killed a dire elephant
 15429 | Lair:5   | Found a viscous altar of Jiyva.
 15856 | Lair:2   | Found a hole to the Spider Nest.
 15926 | Lair:2   | Identified the +8 trident of Irritation {heavy, rF+ Int+4}
 16431 | D:12     | Reached skill level 15 in Transmutations
 16480 | D:12     | Found a staircase to the Orcish Mines.
 16527 | D:12     | Reached XP level 15. HP: 117/117 MP: 22/27
 16610 | D:12     | Reached skill level 10 in Ice Magic
 16942 | D:12     | Reached skill level 15 in Unarmed Combat
 17234 | D:13     | Found Omipn's Magic Scroll Shoppe.
 17269 | D:13     | Bought a scroll of identify for 28 gold pieces
 17269 | D:13     | Bought a scroll of identify for 28 gold pieces
 17269 | D:13     | Bought a scroll of fear for 56 gold pieces
 17269 | D:13     | Bought a scroll of identify for 28 gold pieces
 17269 | D:13     | Bought a scroll of identify for 28 gold pieces
 17306 | D:13     | Found Xutuqy's Distillery.
 17371 | D:13     | Found a frozen archway.
 17402 | IceCv    | Entered an ice cave
 17615 | IceCv    | Identified the +7 dagger of Painful Death {flame, Str+6}
 17617 | IceCv    | Identified the +0 longbow of the Endless Expanse {freeze,
                  | rC+++ Dex-2 SInv Stlth-}
 18005 | IceCv    | Got the Information on Firn
 18457 | D:13     | Lost mutation: Your spells are a little easier to cast, but
                  | a little less powerful. [mutagenic glow]
 18487 | D:13     | Noticed Lodul
 18490 | D:13     | Killed Lodul
 18603 | D:13     | Found Xatoagh's Armour Emporium.
 18635 | D:13     | Found Otenicuo's Assorted Antiques.
 18646 | D:13     | Bought a potion of invisibility for 192 gold pieces
 18646 | D:13     | Bought a scroll of vulnerability for 96 gold pieces
 18646 | D:13     | Bought a scroll of teleportation for 72 gold pieces
 19161 | D:13     | Bought a potion of curing for 39 gold pieces
 19161 | D:13     | Bought a potion of might for 52 gold pieces
 19161 | D:13     | Bought a potion of brilliance for 52 gold pieces
 19161 | D:13     | Bought a potion of haste for 130 gold pieces
 19267 | D:13     | Found a shimmering blue altar of Sif Muna.
 19330 | D:13     | Found Irghinir's Antique Armour Shop.
 19409 | Orc:1    | Entered Level 1 of the Orcish Mines
 19409 | Orc:1    | Found Fedo's Gadget Gallery.
 19639 | Orc:2    | Entered Level 2 of the Orcish Mines
 19682 | Orc:2    | Noticed an orc warlord
 19711 | Orc:1    | Noticed an orc warlord
 19714 | Orc:1    | Killed an orc warlord
 19724 | Orc:2    | Reached skill level 16 in Transmutations
 19788 | Orc:2    | Noticed an orc warlord
 19825 | Orc:2    | Killed an orc warlord
 19923 | Orc:2    | Noticed Azrael
 19935 | Orc:2    | Killed Azrael
 19965 | Orc:2    | Noticed Saint Roka
 20146 | Orc:2    | Killed Saint Roka
 20254 | Orc:2    | Found Fopoehit's General Store.
 20254 | Orc:2    | Noticed Donald
 20337 | Orc:2    | Found a staircase to the Elven Halls.
 20355 | Orc:2    | Noticed Erolcha
 20365 | Orc:2    | Killed Erolcha
 20366 | Orc:2    | Reached XP level 16. HP: 117/117 MP: 22/29
 20421 | Orc:2    | Found Waalir's Antique Armour Boutique.
 20430 | Orc:2    | Bought a pair of embroidered gloves for 240 gold pieces
 20430 | Orc:2    | Bought a pair of glowing gloves for 240 gold pieces
 20456 | Orc:2    | Killed Donald
 20461 | Orc:2    | Found Ocublyus's Jewellery Boutique.
 20470 | Orc:2    | Noticed Josephine
 20545 | Orc:2    | Killed Josephine
 20687 | Orc:2    | Bought a +0 helmet of see invisible for 126 gold pieces
 20687 | Orc:2    | Bought a scroll of identify for 22 gold pieces
 20836 | Orc:2    | Got the Anthology of Flashy Gloom
 20838 | Orc:2    | Got the Notes on Kinetic Energy
 20843 | Orc:2    | Identified the +7 plate armour of Hairiness {rF+ rC+ Will-
                  | Dex+2}
 20907 | Orc:2    | Identified the +10 great sword "Cevvusang" {freeze, rC+
                  | MP-9 Dex+5}
 21175 | Orc:2    | Found Xoatarph's Antique Weapon Boutique.
 21271 | Orc:1    | Reached skill level 5 in Invocations
 21585 | Orc:2    | Bought the amulet "Laekk" {Spirit rElec rC+} for 867 gold
                  | pieces
 21638 | Elf:1    | Entered Level 1 of the Elven Halls
 21735 | Elf:1    | Found a radiant altar of Vehumet.
 22370 | Elf:1    | Reached skill level 17 in Transmutations
 22655 | Elf:1    | Found a bloodstained altar of Trog.
 22707 | Elf:1    | Found Xifouros's Antique Weapon Emporium.
 23086 | Elf:1    | Identified the +8 sling "Uficem" {flame, rPois rF+}
 23339 | Elf:2    | Found Afretorch's Antique Weapon Shop.
 23753 | Elf:2    | Reached XP level 17. HP: 133/133 MP: 22/30
 23979 | Elf:2    | Found a runed translucent gate.
 23979 | Elf:2    | Found a runed translucent gate.
 24045 | Elf:2    | Found a runed translucent gate.
 24476 | Elf:2    | Reached skill level 10 in Spellcasting
 24902 | Elf:3    | Entered Level 3 of the Elven Halls
 25179 | Elf:3    | Paralysed by an air elemental for 1 turns
 25713 | Elf:3    | Reached skill level 18 in Transmutations
 26290 | Elf:3    | Noticed a Brimstone Fiend
 26885 | Elf:3    | Noticed a deep elf master archer
 26888 | Elf:3    | Killed a deep elf master archer
 26888 | Elf:3    | Noticed a deep elf blademaster
 26902 | Elf:3    | Killed a deep elf blademaster
 26978 | Elf:3    | Noticed a deep elf blademaster
 27166 | Elf:3    | Noticed a deep elf master archer
 27188 | Elf:3    | Killed a deep elf master archer
 27189 | Elf:3    | Reached XP level 18. HP: 142/142 MP: 21/32
 27252 | Elf:3    | Identified the +1 leather armour of Wisdom {Rampage rPois
                  | Str-4 Stlth+}
 27262 | Elf:3    | Killed a deep elf blademaster
 27350 | Elf:3    | Identified the ring "Serphix" {rElec rPois EV+5 Str-2
                  | Int+8}
 27363 | Elf:3    | Identified the +1 bardiche of Painful Death {heavy, Dex+4}
 27363 | Elf:3    | Identified the +1 leather armour of Yredelemnul's Reproof
                  | {+Inv Will+}
 27465 | Elf:3    | Identified the +12 scimitar of Disgust {flame, rPois SInv}
 27471 | Elf:3    | Identified the +7 quarterstaff "Ramemn" {elec, rC+}
 27485 | Elf:3    | Identified the +1 robe of Namp {*Slow Dex+7 SInv}
 27491 | Elf:3    | Identified the +2 short sword of Deejet {venom, rN++ Will-
                  | Int+3}
 27648 | Elf:3    | Learned a level 6 spell: Eringya's Noxious Bog
 27654 | Elf:3    | Learned a level 5 spell: Irradiate
 27801 | D:14     | Found a gate to the Vaults.
 28020 | D:14     | Reached skill level 10 in Poison Magic
 28029 | D:14     | Reached skill level 15 in Dodging
 28776 | D:15     | Entered Level 15 of the Dungeon
 28821 | D:15     | Found a staircase to the Depths.
 30166 | Swamp:1  | Entered Level 1 of the Swamp
 30316 | Swamp:1  | Reached skill level 19 in Transmutations
 30519 | Swamp:1  | Identified the +12 dagger "Jiub" {freeze, +Blink Fly Dex+2}
 30702 | Swamp:1  | Found a transporter.
 30707 | Swamp:1  | Noticed initializr's ghost (adept VSCA)
 30736 | Swamp:1  | Found a transporter.
 31154 | Swamp:1  | Killed initializr's ghost
 31155 | Swamp:1  | Reached skill level 1 in Evocations
 31446 | Swamp:2  | Reached skill level 10 in Invocations
 32076 | Swamp:3  | Reached XP level 19. HP: 149/149 MP: 25/33
 32990 | Swamp:4  | Entered Level 4 of the Swamp
 33632 | Swamp:4  | Noticed the 27-headed Lernaean hydra
 33963 | Swamp:4  | Killed the 26-headed Lernaean hydra
 33970 | Swamp:4  | Got a decaying rune of Zot
 34251 | Spider:1 | Entered Level 1 of the Spider Nest
 34252 | Spider:1 | Noticed Aizul
 34260 | Spider:1 | Killed Aizul
 34524 | Spider:1 | Identified the +7 long sword "Bajeonoz" {holy, rC+}
 34595 | Spider:1 | Noticed Louise
 34609 | Spider:1 | Killed Louise
 34817 | Spider:1 | Noticed Agnes
 34822 | Spider:1 | Killed Agnes
 35408 | Spider:2 | Reached skill level 20 in Transmutations
 35857 | Spider:2 | Reached XP level 20. HP: 158/158 MP: 29/35
 36175 | Spider:2 | Got the Atlas of Sinister Metamorphosis
 37690 | Spider:3 | Noticed Chingon's ghost (adept MiFi)
 37691 | Spider:3 | Found a runed translucent gate.
 37691 | Spider:3 | Found a runed translucent gate.
 37692 | Spider:3 | Found a runed translucent gate.
 38037 | Spider:3 | Killed Chingon's ghost
 38334 | Spider:4 | Entered Level 4 of the Spider Nest
 38377 | Spider:4 | Noticed Arachne
 38382 | Spider:4 | Killed Arachne
 39809 | Spider:4 | Got a gossamer rune of Zot
 39817 | Spider:4 | Identified the +2 pair of boots "Fame" {Harm Drain SInv}
 39913 | Spider:4 | Identified the +4 spear of the Stoat {holy, rPois rF+}
 40333 | Vaults:1 | Entered Level 1 of the Vaults
 40881 | Vaults:1 | Found Teadd's Weapon Emporium.
 40906 | Vaults:1 | Reached skill level 5 in Evocations
 40985 | Vaults:1 | Reached XP level 21. HP: 165/165 MP: 28/36
 41175 | Vaults:1 | Found Exusker's Armour Emporium.
 41230 | Vaults:1 | Found Eney's Antique Armour Shop.
 41459 | Vaults:1 | Reached skill level 21 in Transmutations
 42459 | Vaults:2 | Found a staircase to the Crypt.
 42497 | Vaults:2 | Identified the ring "Pun Ymm" {rElec AC+4}
 42720 | Vaults:2 | Found a portal to a secret trove of treasure.
 43889 | Vaults:3 | Noticed Mennas
 43904 | Vaults:3 | Killed Mennas
 44390 | Vaults:3 | You fall into a shaft and drop 1 floor!
 44423 | Abyss:2  | Cast into level 2 of the Abyss (a wizard)
 44488 | Vaults:4 | Escaped the Abyss
 45119 | Vaults:4 | Reached XP level 22. HP: 173/173 MP: 19/38
 45902 | Vaults:4 | Found Hamih's Weapon Boutique.
 46466 | Vaults:3 | Reached skill level 22 in Transmutations
 46785 | Vaults:3 | Noticed Frederick
 46796 | Vaults:3 | Killed Frederick
 47396 | Vaults:3 | Reached skill level 15 in Fighting
 47532 | Vaults:3 | Noticed Xtahua
 47552 | Vaults:3 | Killed Xtahua
 48355 | Depths:1 | Entered Level 1 of the Depths
 48607 | Depths:1 | Found a corrupted altar of Lugonu.
 48607 | Depths:1 | Found a one-way gate to the infinite horrors of the Abyss.
 48871 | Depths:1 | Reached skill level 15 in Poison Magic
 48916 | Depths:1 | Found a gateway to Hell.
 48955 | Depths:1 | Paralysed by a vampire knight for 4 turns
 49424 | Depths:1 | Reached XP level 23. HP: 174/174 MP: 29/39
 50661 | Depths:2 | Found a one-way gate leading to the halls of Pandemonium.
 50670 | Depths:2 | Found a one-way gateway to a ziggurat.
 50882 | Depths:2 | Found Woqohad's General Store.
 50890 | Depths:2 | Bought 3 scrolls of fear for 252 gold pieces
 50890 | Depths:2 | Bought a scroll of magic mapping for 157 gold pieces
 50890 | Depths:2 | Bought a potion of mutation for 168 gold pieces
 51249 | Depths:2 | Noticed a golden dragon
 51250 | Depths:2 | Noticed a golden dragon
 51254 | Depths:2 | Killed a golden dragon
 51259 | Depths:2 | Killed a golden dragon
 51260 | Depths:2 | Reached skill level 15 in Invocations
 51602 | Depths:2 | Found Pesam's Jewellery Shoppe.
 51603 | Depths:2 | Found Paukiupt's Book Shop.
 51603 | Depths:2 | Found Apogren's Book Shop.
 51644 | Depths:2 | Bought a manual of Conjurations for 1360 gold pieces
 51658 | Depths:2 | Learned a level 7 spell: Ozocubu's Refrigeration
 51660 | Depths:2 | Learned a level 1 spell: Apportation
 51821 | Depths:3 | Noticed Parghit
 51965 | Depths:3 | Reached skill level 1 in Conjurations
 52670 | Depths:3 | Reached skill level 23 in Transmutations
 53058 | Depths:3 | Killed Parghit
 53526 | Depths:3 | Paralysed by a sphinx for 4 turns
 53760 | Depths:4 | Entered Level 4 of the Depths
 54278 | Depths:4 | Acquired a book of Conjurations
 54292 | Depths:4 | Found a gate to the Realm of Zot.
 54303 | Depths:4 | Reached skill level 15 in Ice Magic
 54382 | Depths:4 | Found a shimmering blue altar of Sif Muna.
 54387 | Depths:4 | Found a shimmering altar of Xom.
 54387 | Depths:4 | Found a burning altar of Makhleb.
 54390 | Depths:4 | Reached XP level 24. HP: 190/190 MP: 40/40
 54396 | Depths:4 | Found a shimmering altar of Xom.
 54396 | Depths:4 | Found a bloodstained altar of Trog.
 54396 | Depths:4 | Found a glowing golden altar of the Shining One.
 54858 | Vaults:4 | Learned a level 3 spell: Ignite Poison
 54864 | Vaults:4 | Learned a level 5 spell: Freezing Cloud
 54866 | Vaults:5 | Entered Level 5 of the Vaults
 55245 | Vaults:5 | Noticed an ancient lich
 55248 | Vaults:5 | Reached skill level 5 in Conjurations
 55253 | Vaults:5 | Killed an ancient lich
 55452 | Vaults:5 | Noticed Jory
 55452 | Vaults:5 | Noticed a dread lich
 55461 | Vaults:5 | Killed a dread lich
 55895 | Vaults:5 | Identified the ring of Abaurhel {rF- AC+4 Str+5 Int-3
                  | Dex+8}
 55910 | Vaults:5 | Noticed an ancient lich
 56298 | Vaults:5 | Killed an ancient lich
 56316 | Vaults:5 | Killed Jory
 56575 | Vaults:5 | Got Sif Muna's Elucidation of the Overhead Wyrd
 56667 | Vaults:5 | Identified the +1 arbalest of Unuoh {drain, rPois}
 56684 | Vaults:5 | Identified the +4 rapier of Hois {vamp, Dex+2}
 56708 | Vaults:5 | Got Uthriuru's Elucidation of Filth
 57046 | Abyss:2  | Cast into level 2 of the Abyss (a deep elf demonologist)
 57260 | Abyss:2  | Reached XP level 25. HP: 197/197 MP: 38/40
 57313 | Vaults:5 | Escaped the Abyss
 57578 | Vaults:5 | Identified the +1 robe "Yhexkud" {rElec Dex+3}
 57598 | Vaults:5 | Got the Exposition on Unified Energy
 57600 | Vaults:5 | Got the Volume of Volatile Points
 57999 | Vaults:5 | Gained mutation: You are frail. (-10% HP) [a shining eye]
 58002 | Vaults:5 | Lost mutation: You are frail. (-10% HP) [potion of
                  | mutation]
 58002 | Vaults:5 | Lost mutation: You have sharp fingernails. [potion of
                  | mutation]
 58002 | Vaults:5 | Gained mutation: You possess an exceptional clarity of
                  | mind. [potion of mutation]
 58002 | Vaults:5 | Gained mutation: You are frail. (-10% HP) [potion of
                  | mutation]
 58002 | Vaults:5 | Gained mutation: You expend magic power (3 MP) to
                  | strengthen your wands. [potion of mutation]
 58003 | Vaults:5 | Lost mutation: You are frail. (-10% HP) [potion of
                  | mutation]
 58003 | Vaults:5 | Lost mutation: You possess an exceptional clarity of mind.
                  | [potion of mutation]
 58003 | Vaults:5 | Lost mutation: You expend magic power (3 MP) to strengthen
                  | your wands. [potion of mutation]
 58003 | Vaults:5 | Gained mutation: You are covered in fur. (AC +1) [potion of
                  | mutation]
 58003 | Vaults:5 | Gained mutation: You are clumsy. (Dex -2) [potion of
                  | mutation]
 58003 | Vaults:5 | Gained mutation: You have a pair of small horns on your
                  | head. [potion of mutation]
 58003 | Vaults:5 | Gained mutation: Your flesh is cold resistant. (rC+)
                  | [potion of mutation]
 58171 | Vaults:5 | Lost mutation: Your flesh is cold resistant. (rC+) [potion
                  | of mutation]
 58171 | Vaults:5 | Lost mutation: You are clumsy. (Dex -2) [potion of
                  | mutation]
 58171 | Vaults:5 | Gained mutation: You are robust. (+10% HP) [potion of
                  | mutation]
 58171 | Vaults:5 | Gained mutation: Your magical capacity is low. (-10% MP)
                  | [potion of mutation]
 58171 | Vaults:5 | Gained mutation: You are occasionally teleported next to
                  | monsters. [potion of mutation]
 58175 | Vaults:5 | Lost mutation: You are robust. (+10% HP) [potion of
                  | mutation]
 58175 | Vaults:5 | Lost mutation: You have a pair of small horns on your head.
                  | [potion of mutation]
 58175 | Vaults:5 | Lost mutation: You are occasionally teleported next to
                  | monsters. [potion of mutation]
 58175 | Vaults:5 | Gained mutation: You sometimes lose your temper in combat.
                  | [potion of mutation]
 58175 | Vaults:5 | Gained mutation: You are frail. (-10% HP) [potion of
                  | mutation]
 58175 | Vaults:5 | Gained mutation: Your flesh is heat resistant. (rF+)
                  | [potion of mutation]
 58176 | Vaults:5 | Lost mutation: You sometimes lose your temper in combat.
                  | [potion of mutation]
 58176 | Vaults:5 | Lost mutation: You are frail. (-10% HP) [potion of
                  | mutation]
 58176 | Vaults:5 | Lost mutation: Your flesh is heat resistant. (rF+) [potion
                  | of mutation]
 58176 | Vaults:5 | Gained mutation: Your system is resistant to poisons.
                  | (rPois) [potion of mutation]
 58176 | Vaults:5 | Gained mutation: You are partially covered in iridescent
                  | scales. (AC +2) [potion of mutation]
 58176 | Vaults:5 | Lost mutation: Your magical capacity is low. (-10% MP)
                  | [potion of mutation]
 58281 | Vaults:5 | Identified the +2 sling of Xeggiy {elec, Int-3 Dex+6}
 58322 | Vaults:5 | Identified the +0 pair of gloves of the Rose {rF- Slay+5}
 58416 | Vaults:5 | Got a silver rune of Zot
 58780 | Zot:1    | Entered Level 1 of the Realm of Zot
 61058 | Zot:2    | Reached skill level 10 in Conjurations
 61068 | Zot:1    | Gained mutation: You have a pair of small antennae on your
                  | head. [mutagenic glow]
 61583 | Zot:1    | Reached skill level 10 in Evocations
 63186 | Zot:3    | Reached XP level 26. HP: 199/207 MP: 4/41
 64120 | Zot:3    | Noticed an orb of fire
 64124 | Zot:3    | Gained mutation: Potions are less effective at restoring
                  | your health. [an orb of fire]
 64131 | Zot:3    | Gained mutation: You sometimes lose your temper in combat.
                  | [an orb of fire]
 64132 | Zot:3    | Killed an orb of fire
 64313 | Zot:3    | Lost mutation: Potions are less effective at restoring your
                  | health. [potion of mutation]
 64313 | Zot:3    | Lost mutation: You are covered in fur. (AC +1) [potion of
                  | mutation]
 64313 | Zot:3    | Lost mutation: You sometimes lose your temper in combat.
                  | [potion of mutation]
 64313 | Zot:3    | Gained mutation: You are strong-willed. (Will+) [potion of
                  | mutation]
 67972 | Zot:5    | Entered Level 5 of the Realm of Zot
 68505 | Zot:5    | Noticed an ancient lich
 68682 | Zot:5    | Killed an ancient lich
 68928 | Zot:5    | Noticed a Killer Klown
 68935 | Zot:5    | Noticed a Killer Klown
 68952 | Zot:5    | Killed a Killer Klown
 68961 | Zot:5    | Killed a Killer Klown
 69150 | Zot:5    | Noticed an ancient lich
 69157 | Zot:5    | Killed an ancient lich
 69158 | Zot:5    | Reached XP level 27. HP: 215/215 MP: 36/41
 69185 | Zot:5    | Noticed an orb of fire
 69191 | Zot:5    | Killed an orb of fire
 69283 | Zot:5    | Noticed an orb of fire
 69293 | Zot:5    | Killed an orb of fire
 69294 | Zot:5    | Noticed an ancient lich
 69301 | Zot:5    | Killed an ancient lich
 69497 | Zot:5    | Noticed a dread lich
 69508 | Zot:5    | Killed a dread lich
 69554 | Zot:5    | Noticed an ancient lich
 69558 | Zot:5    | Killed an ancient lich
 69841 | Zot:5    | Noticed an orb of fire
 69851 | Zot:5    | Gained mutation: You expend magic power (3 MP) to
                  | strengthen your wands. [an orb of fire]
 69858 | Zot:5    | Killed an orb of fire
 70366 | Zot:5    | Noticed an ancient lich
 70371 | Zot:5    | Killed an ancient lich
 70374 | Zot:5    | Noticed an ancient lich
 70391 | Zot:5    | Killed an ancient lich
 70593 | Zot:5    | Got the Orb of Zot
 70840 | Depths:1 | Noticed Husmuax the pandemonium lord
 70848 | Depths:1 | Killed Husmuax the pandemonium lord
 71161 | D:$      | Escaped with the Orb!

Illustrated notes

Levels and vault maps discovered:
D:1:      minmay_arrival_solitary_statue, layout_loops_ring,
          dreamdust_ecumenical_altar_sealed_demon, roderic_lattice_a
D:2:      layout_loops_ring, basic_altar, minivault_23, uniq_natasha, uniq_robin
D:3:      layout_basic
D:4:      layout_basic, dancing_weapons_uskayaw,
          minmay_temple_entry_statues_pillars, kennysheep_boxes
D:5:      layout_loops_cross, nicolae_dithmenos_through_a_glass_darkly
D:6:      layout_basic, uniq_menkaure
D:7:      layout_basic, uniq_maggie
D:8:      gammafunk_indiana_jones, layout_loops_ring, erik_lair_orcish_takeover,
          uniq_pikel
D:9:      layout_rooms, nicolae_overflow_hidden_temple, serial_shops,
          nicolae_lakefront_shop, grunt_decor_junction
D:10:     layout_cave_pods
D:11:     layout_rooms, serial_shops, shop, wad_mini_maze
D:12:     layout_irregular_city, zombieorc2_lemuel
D:13:     layout_roguey, serial_shops, nicolae_inconvenience_store,
          nicolae_diamond_shop, nicolae_stop_n_shop_2, shop,
          portal_ice_cave_entry_animals_and_master, nicolae_take_the_stairs,
          lemuel_blue_sif_altar, uniq_lodul
D:14:     layout_loops_ring, david_vaults_3, nicolae_figureground_pulse
D:15:     grunt_enter_depths_giant_problem, layout_layer_cave,
          nrook_pool_corridor
Lair:1:   beast_lair_carwin_large_4, layout_hall_layers
Lair:2:   layout_regular_city, skrybe_swamp_entry_bodies, dummy_spider_entry
Lair:3:   layout_concentric_octagons, infiniplex_staircase_pool_2
Lair:4:   layout_small_grid, enter_volcano_1, uniq_kirke
Lair:5:   grunt_lair_end_beastmaster, layout_concentric_octagons,
          minmay_slime_entry_oklob_open, dpeg_oklob_1
Swamp:1:  layout_basic_swamp, gammafunk_ghost_mausoleum,
          nicolae_swamp_small_spring, nicolae_swamp_triple_paths, swamp_pool2,
          lightli_tree_ring
Swamp:2:  layout_basic_swamp, hangedman_swamp_lotus
Swamp:3:  layout_basic_swamp, hangedman_swamp_diagram, swamp_pool1,
          infiniplex_staircase_pool
Swamp:4:  grunt_swamp_rune_castle, layout_basic_swamp, swamp_pool3
Spider:1: layout_spider_delve, nicolae_spider_rock_and_or_roll, uniq_louise,
          uniq_agnes, uniq_aizul
Spider:2: layout_spider_delve
Spider:3: layout_spider_delve, gammafunk_ghost_necromancy,
          spiders_nest_spider_trap, hangedman_spider_tarantella_strand
Spider:4: hellmonk_spider_rune_endless_swarm, nicolae_spider_solar_radiation,
          uniq_arachne
Orc:1:    layout_caves, nicolae_shop_gadgets
Orc:2:    grunt_orc_cross, layout_diamond_mine, basic_altar,
          minmay_orc_treasury, uniq_donald, uniq_josephine, uniq_erolcha,
          uniq_azrael
Elf:1:    eino_elf_arrival_altar, layout_geoelf_diagonals, serial_shops,
          nicolae_shop_hallway_stairs, minmay_elf_crystal_hexagon,
          evilmike_spriggan_trog_shrine
Elf:2:    elven_hall_of_blades_hangedman_original
          [nicolae_blade_entry_area_security], layout_loops_ring, serial_shops,
          shop, uniq_saint_roka
Elf:3:    elf_hall_gauntlet_wide, layout_geoelf_castle
Vaults:1: v_misc_26, hangedman_vaults_restitches, v_misc_4,
          nicolae_vaults_circle_grid_b, nicolae_vaults_theta, v_misc_1,
          nicolae_vaults_yaktaur_gun_rack, vaults_dpeg_cross,
          ontoclasm_vaults_loading_screen, layout_vaults_omnicross,
          serial_shops, nicolae_shop_waterfront, shop_statue,
          nicolae_lakefront_shop
Vaults:2: vaults_room_grid, ontoclasm_vaults_pinch,
          minmay_crypt_entry_simple_sparse, v_misc_24, v_misc_16,
          nicolae_vaults_alarming, nicolae_vaults_network_barrier,
          layout_vaults_quadrants, enter_trove_5
Vaults:3: nicolae_vaults_hallways_thing, nicolae_vaults_ring_of_whatevers,
          vaults_mumra_minichess_inversion, v_misc_5, hangedman_vaults_cutoff,
          ontoclasm_vaults_bender, v_rooms_6, v_misc_10, v_misc_15,
          sword_in_stone, ontoclasm_vaults_ring_square,
          nicolae_vaults_border_crossing, layout_vaults_ring, uniq_mennas,
          uniq_xtahua, uniq_frederick
Vaults:4: vaults_dpeg_hooks, nicolae_vaults_meeting,
          vaults_standard_mumra_enter_the_diamond, vaults_mumra_chevron_long,
          v_alt_pattern_4, vaults_room_hallway, v_alt_pattern_4,
          vaults_mumra_hex, v_misc_15, grunt_vaults_bifocal,
          hangedman_vaults_variations, hangedman_vaults_capsules,
          nicolae_vaults_diagonal_hallway_8, nicolae_vaults_rhombus_6,
          layout_vaults_omnibox, serial_shops, nicolae_shop_crystal
Vaults:5: uniq_jory
Depths:1: layout_honeycomb, grunt_decor_mini_mirrors, abyss_entry_flame_altar,
          nicolae_hell_entry_hellmouth_sunbeams, hangedman_aviary,
          serial_bayou_shore_b
Depths:2: minmay_mutant_horseshoe, layout_gridlike, enter_ziggurat_e, pan_entry,
          serial_shops, shop, hell_entry, infiniplex_staircase_squiggle,
          minmay_shop_grove
Depths:3: minmay_isolated_rectangles_in_corner, layout_long_grid, abyss_entry,
          grunt_pan_entry_in_and_out, minmay_misc_feat_doors, hell_entry,
          uniq_parghit
Depths:4: grunt_twist_and_shout, layout_cave_pools, doesnt_xom_only_xom,
          pf_hell_entry_tar_river
Zot:1:    layout_basic
Zot:2:    layout_basic
Zot:3:    lemuel_acid_trip, layout_cathedral_of_symmetry, lemuel_elevator
Zot:4:    layout_concentric_octagons, hangedman_zot_decor_checkerboard
Zot:5:    layout_misc_corridors, st_stairs_8

Skill      XL: |  1  2  3  4  5  6  7  8  9 10 11 12 13 14 15 16 17 18 19 20 21 22 23 24 25 26 27 |
---------------+----------------------------------------------------------------------------------+-----
Stealth        | 3 |  3.1
Transmutations | 1 2 3 4 6 7 9 11 13 15 16 17 18 19 20 21 22 23 | 23.3
Unarmed Combat | 4 5 7 8 9 11 12 13 14 15 16 17 18 19 20 21 | 21.2
Spellcasting   | 1 2 3 4 5 6 7 8 9 10 11 12 13 14 | 14.0
Invocations    | 1 4 6 8 10 11 12 13 14 15 16 17 18 | 18.5
Fighting       | 4 5 6 7 8 9 10 11 12 13 14 15 16 17 18 | 18.0
Dodging        | 5 6 7 8 9 10 11 12 13 14 15 16 17 18 19 20 21 | 21.0
Ice Magic      | 1 2 3 4 5 6 7 9 10 11 12 13 14 15 16 17 18 19 | 19.5
Poison Magic   | 2 3 5 7 9 10 12 13 14 15 | 15.8
Evocations     | 1 3 5 6 7 8 9 10 11 12 | 12.0
Conjurations   | 4 8 11 12 13 | 13.3

Action                     |  1- 3 |  4- 6 |  7- 9 | 10-12 | 13-15 | 16-18 | 19-21 | 22-24 | 25-27 || total
---------------------------+-------+-------+-------+-------+-------+-------+-------+-------+-------++-------
  Melee: Unarmed           |   123 |   263 |   464 |   434 |   676 |   598 |   990 |   845 |   923 ||  5316
         Punch             |       |     8 |    22 |    32 |    60 |    55 |   147 |   154 |   174 ||   652
         Tailslap          |       |       |       |       |    73 |    76 |   175 |   196 |   201 ||   721
         Bite              |       |       |       |       |    61 |    68 |   130 |   168 |   163 ||   590
  Throw: Stone             |     6 |       |       |       |       |       |       |       |       ||     6
   Cast: Frozen Ramparts   |       |       |    12 |    10 |       |       |       |       |       ||    22
         Blade Hands       |       |       |       |    35 |    22 |       |     2 |       |       ||    59
         Hailstorm         |       |       |       |     5 |       |       |       |       |     1 ||     6
         Spider Form       |       |       |       |     3 |       |       |       |       |       ||     3
         Dragon Form       |       |       |       |       |    52 |    72 |    74 |    72 |    92 ||   362
         Alistair's Intoxi |       |       |       |       |     8 |     2 |     4 |    13 |     4 ||    31
         Irradiate         |       |       |       |       |       |     1 |     4 |     3 |    17 ||    25
         Eringya's Noxious |       |       |       |       |       |     1 |     3 |     5 |     2 ||    11
         Ozocubu's Refrige |       |       |       |       |       |       |       |     2 |    23 ||    25
         Ignite Poison     |       |       |       |       |       |       |       |     8 |     3 ||    11
         Freezing Cloud    |       |       |       |       |       |       |       |     2 |     9 ||    11
 Invoke: Upheaval          |     1 |     4 |    12 |     2 |       |     1 |     3 |     4 |       ||    27
Ability: Breathe Fire      |       |       |       |       |    19 |     8 |    12 |     9 |     9 ||    57
         End Transformatio |       |       |       |       |     2 |       |     2 |     1 |       ||     5
  Evoke: Wand              |       |       |       |     2 |       |     1 |       |     9 |     1 ||    13
         Phial of floods   |       |       |       |       |       |       |     2 |       |       ||     2
         Phantom mirror    |       |       |       |       |       |       |       |     1 |       ||     1
         Tin of tremorston |       |       |       |       |       |       |       |     1 |       ||     1
         Condenser vane    |       |       |       |       |       |       |       |     1 |       ||     1
    Use: Potion            |     3 |    10 |     1 |       |     1 |       |     5 |    25 |    18 ||    63
         Scroll            |       |     5 |     1 |     7 |    13 |     6 |     3 |     8 |     1 ||    44
   Stab: Sleeping          |     2 |       |       |       |       |       |       |       |       ||     2
         Confused          |       |       |       |       |     2 |       |     2 |    10 |     1 ||    15
         Invisible         |       |       |       |       |       |       |       |     2 |       ||     2
 Armour: Robe              |     7 |    35 |    56 |       |       |     3 |     7 |     5 |    10 ||   123
         Skin              |       |    28 |       |       |   165 |    98 |   271 |   215 |   179 ||   956
         Steam dragon scal |       |       |    19 |    58 |    21 |     1 |       |       |       ||    99
  Dodge: Dodged            |    71 |   189 |   275 |   312 |   352 |   325 |   736 |   661 |   695 ||  3616
         Repelled          |       |       |       |     2 |    17 |    20 |    11 |    19 |    47 ||   116
  Block: Other             |    17 |    59 |    81 |   100 |   170 |   170 |   315 |   237 |   267 ||  1416

Table legend: (Time is in decaauts)
 A = Elapsed time spent in this place.
 B = Non-inter-level travel time spent in this place.
 C = Inter-level travel time spent in this place.
 D = Time resting spent in this place.
 E = Time spent auto-exploring this place.
 F = Levels seen in this place.
 G = Mean time per level.
                   A        B        C        D        E       F      G
               +--------+--------+--------+--------+--------+-----+--------+
         Total |  69612 |  65250 |   4362 |   8751 |  43969 |  51 | 1364.9 |
       Dungeon |  15676 |  14150 |   1526 |    890 |   9956 |  15 | 1045.1 |
          Lair |   5214 |   4821 |    393 |     46 |   3734 |   5 | 1042.8 |
         Swamp |   3842 |   3624 |    218 |    512 |   2581 |   4 |  960.5 |
   Spider Nest |   5783 |   5439 |    344 |    171 |   4378 |   4 | 1445.8 |
  Orcish Mines |   2203 |   2029 |    174 |    254 |   1194 |   2 | 1101.5 |
   Elven Halls |   6012 |   5869 |    143 |    800 |   3886 |   3 | 2004.0 |
        Vaults |  11282 |  10625 |    657 |   1804 |   7397 |   5 | 2256.4 |
        Depths |   7014 |   6487 |    527 |   1586 |   3983 |   4 | 1753.5 |
           Zot |  11148 |  10772 |    376 |   2628 |   6288 |   5 | 2229.6 |
         Abyss |    298 |    298 |      0 |     25 |     93 |   2 |  149.0 |
      Ice Cave |    937 |    937 |      0 |     34 |    476 |   1 |  937.0 |
       Volcano |    198 |    198 |      0 |      0 |      0 |   1 |  198.0 |
               +--------+--------+--------+--------+--------+-----+--------+

Top non-repeatable levels by time:
Vaults:4: 3524 daAuts
   Zot:3: 3313 daAuts
   Elf:3: 2615 daAuts
Vaults:3: 2590 daAuts
   Zot:1: 2569 daAuts
Depths:2: 2138 daAuts
Depths:1: 2068 daAuts
   Zot:5: 1997 daAuts
Vaults:2: 1968 daAuts
Vaults:5: 1892 daAuts
   Zot:4: 1888 daAuts
   Elf:1: 1855 daAuts
Spider:3: 1837 daAuts
Spider:4: 1682 daAuts
     D:8: 1667 daAuts
